 Dungeon Crawl Stone Soup version 0.30.1-3-gfc49f6343a (webtiles) character file.

Game seed: 5695036453132516579

95 Fodor the Shield-Bearer (level 4, -5/41 HPs)
             Began as a Minotaur Fighter on July 25, 2023.
             Killed by nerve-wracking pain
             ... invoked by an orc priest
              (13 damage)
             ... on level 4 of the Dungeon.
             The game lasted 00:09:56 (2021 turns).

Fodor the Shield-Bearer (Minotaur Fighter)          Turns: 2021, Time: 00:09:56

Health: -5/41      AC: 15    Str: 22    XL:     4   Next: 40%
Magic:  3/3        EV:  3    Int:  5    God:
Gold:   114        SH: 12    Dex: 10    Spells: 3/3 levels left

rFire   . . .        a - +0 long sword
rCold   . . .        g - +0 tower shield
rNeg    . . .        j - +0 plate armour
rPois   .            (helmet restricted)
rElec   .            n - +2 cloak {rCorr}
rCorr   +            (no gloves)
SInv    .            (no boots)
Will    .....        (no amulet) Stlth
                     (no ring)
HPRegen 0.26/turn    (no ring)
MPRegen 0.08/turn

%: no passive effects
@: no status effects
A: horns 2, retaliatory headbutt
a: no special abilities


You were on level 4 of the Dungeon.
You visited 1 branch of the dungeon, and saw 4 of its levels.

You collected 114 gold pieces.

Inventory:

Hand Weapons
 a - a +0 long sword (weapon)
 m - a +2 quarterstaff of chaos
Missiles
 i - 4 poisoned darts (quivered)
Armour
 g - a +0 tower shield (worn)
 j - a +0 plate armour (worn)
 n - a +2 cloak of preservation (worn)
Wands
 l - a wand of flame (4)
Scrolls
 c - 6 scrolls of identify {unknown}
 k - 2 scrolls of noise {unknown}
 o - a scroll of silence {unknown}
 p - a scroll of enchant armour {unknown}
 q - a scroll of acquirement {unknown}
Potions
 b - a potion of ambrosia {unknown}
 d - a potion of might
 e - 4 potions of curing {unknown}
 f - a potion of resistance {unknown}
 h - 2 potions of heal wounds {unknown}


   Skills:
 + Level 4.3 Fighting
 + Level 3.1 Long Blades
 + Level 4.5 Armour
 + Level 0.2 Dodging
 + Level 0.1 Stealth
 + Level 4.7 Shields


You had 3 spell levels left.
You didn't know any spells.
Your spell library contained the following spells:

 Spells                   Type           Power      Damage    Failure   Level
 Summon Small Mammal      Summ           0%         N/A       100%        1
 Call Canine Familiar     Summ           0%         N/A       100%        3
 Summon Guardian Golem    Hex/Summ       0%         N/A       100%        3
 Tukima's Dance           Hex            0%         N/A       100%        3
 Passage of Golubria      Tloc           0%         N/A       100%        4
 Yara's Violent Unravell  Hex/Tmut       0%         3d3       100%        5


Dungeon Overview and Level Annotations

Branches:
Dungeon (3/15)

Altars:
Makhleb

Shops:
D:4 (


Innate Abilities, Weirdness & Mutations

You have a pair of horns on your head.
You reflexively headbutt those who attack you in melee.


Message History

The orc hits you but does no damage. You block the orc's attack.
The orc hits you but does no damage. The orc priest hits you with a +0 whip.
You block the orc priest's attack. You block the orc's attack.
You see here a +0 club.
The orc attacks as you move away! The orc barely misses you.
The orc hits you but does no damage. The orc attacks as you move away!
The orc hits you with a +0 whip.
The orc priest attacks as you move away!
The orc priest hits you but does no damage.
The orc attacks as you move away! You block the orc's attack.
You hit the orc but do no damage. You block the orc's attack.
You barely miss the orc. You headbutt the orc.
The orc is heavily wounded.
You block the orc's attack.
The orc priest calls upon Beogh to heal the orc.
The orc's wounds heal themselves!
You hit the orc. Your headbutt misses the orc.
The orc is moderately wounded.
The orc hits you but does no damage.
You closely miss the orc.
The orc is moderately wounded.
You block the orc's attack. The orc barely misses you.
You hit the orc but do no damage. You headbutt the orc.
The orc is heavily wounded.
The orc hits you but does no damage.
You hit the orc.
You kill the orc!
The orc priest calls down the wrath of Beogh upon you.
Beogh smites you! You block the orc's attack.
You hit the orc but do no damage. You headbutt the orc.
The orc is severely wounded.
You block the orc's attack.
The orc priest mumbles some strange prayers to Beogh against you.
Beogh smites you!
* * * LOW HITPOINT WARNING * * *
You hit the orc.
You kill the orc!
The orc priest calls down the wrath of Beogh upon you.
Pain shoots through your body!
You die...

#.....##........#
#.....##...######
#..........#
#....###...# .
#...# ##'## #.#
##### #.# ......
#@# ......
#o##......
#o........
#.).......
##........
#........
###...... ......
......


You could see an orc priest and an orc.

Vanquished Creatures
  Crazy Yiuf (D:2)
  Robin (D:2)
  2 dart slugs (D:2)
  6 orcs
  4 endoplasms
  11 goblins
  8 hobgoblins
  4 ball pythons
  2 frilled lizards
  4 kobolds
  3 rats
46 creatures vanquished.

Notes
Turn   | Place    | Note
-------+----------+-------------------------------------------
     0 | D:1      | Fodor the Minotaur Fighter began the quest for the Orb.
     0 | D:1      | Reached XP level 1. HP: 19/19 MP: 0/0
   332 | D:1      | Reached XP level 2. HP: 22/27 MP: 1/1
  1250 | D:2      | Found a burning altar of Makhleb.
  1296 | D:2      | Found a runed translucent door.
  1297 | D:2      | Noticed Crazy Yiuf
  1302 | D:2      | Killed Crazy Yiuf
  1303 | D:2      | Reached XP level 3. HP: 33/33 MP: 2/2
  1509 | D:2      | Noticed Robin
  1539 | D:2      | Killed Robin
  1540 | D:2      | Reached XP level 4. HP: 38/40 MP: 3/3
  1973 | D:3      | You fall into a shaft and drop 1 floor!
  1977 | D:4      | Found Sosoyso's Weapon Boutique.
  2021 | D:4      | Killed from afar by an orc priest

Illustrated notes

Levels and vault maps discovered:
D:1:      tarquinn_simple_flora_water_d, layout_loops_ring
D:2:      layout_basic, serial_glass, glass_columns_a, glass_columns_b,
          glass_columns_c, glass_columns_a, glass_columns_c, glass_columns_a,
          glass_columns_a, glass_columns_a, glass_columns_a, glass_columns_a,
          glass_columns_a, glass_columns_b, glass_columns_b, glass_columns_c,
          basic_altar, uniq_crazy_yiuf_cottage, uniq_robin
D:3:      layout_loops_cross, mainiacjoe_overflow_surrounded_room
D:4:      kennysheep_the_goblin_king, layout_basic, serial_shops, shop, shop,
          chequers_serial_rivers_small_b, uniq_menkaure, uniq_pikel

Skill      XL: |  1  2  3  4 |
---------------+-------------+-----
Fighting       | 4 |  4.3
Shields        | 4 |  4.7
Armour         | 4 |  4.5
Long Blades    | 3 |  3.1
Dodging        | |  0.2
Stealth        | |  0.1

Action                     |  1- 3 |  4- 6 || total
---------------------------+-------+-------++-------
  Melee: Long sword        |    59 |    52 ||   111
         Headbutt          |    11 |     6 ||    17
 Armour: Scale mail        |    13 |       ||    13
         Plate armour      |    17 |    42 ||    59
  Dodge: Dodged            |    12 |    11 ||    23
  Block: Tower shield      |    32 |    47 ||    79
         Buckler           |     2 |       ||     2
